Map: Frozen Temple

Players

Wardi - Winner!

  • Race: Terran Terran
  • League: Diamond

A.I. 2 (Very Easy)

  • Race: Terran Terran

VOD

Have the link to the VOD?

Description

Time

  • Played on: May 7, 2016, 1:05 p.m.
  • Length: 11:53
Show
View Real Time Build Order
Export as new Build Order

Wardi Terran - Winner!

Build Orders: MMM Bio 

Get SALT Encoding   

  12  0:01  SCV  
  13  0:13  SCV  
  14  0:18  Supply Depot  
  14  0:25  SCV  
  15  0:39  SCV  
  15  0:41  Barracks  
  16  0:46  Refinery  
  16  0:51  SCV  
  17  1:03  SCV  
  18  1:15  SCV  
  19  1:30  Orbital Command  
  19  1:36  Barracks Reactor  
  19  1:41  Command Center  
  19  1:54  Supply Depot  
  19  1:55  SCV  
  20  2:08  Barracks  
  20  2:12  Barracks  
  20  2:17  Marine  
  20  2:18  Marine  
  22  2:25  Bunker  
  23  2:30  SCV  
  23  2:35  Marine x2  
  25  2:42  SCV  
  26  2:53  Orbital Command  
  26  2:55  Marine x2  
  26  2:57  Barracks Tech Lab  
  28  2:59  SCV  
  30  3:07  Barracks Reactor  
  30  3:12  SCV, Factory  
  30  3:17  Engineering Bay  
  30  3:24  Refinery, SCV  
  30  3:25  SCV  
  32  3:27  Marine  
  32  3:30  Marine  
  32  3:31  Marine  
  35  3:36  SCV  
  35  3:37  SCV  
  35  3:41  Stimpack  
  37  3:48  SCV, Terran Infantry Weapons Level 1  
  37  3:49  SCV  
  37  3:50  Marine  
  40  4:02  Marine x2  
  40  4:03  Marine x2  
  40  4:07  Supply Depot  
  44  4:10  SCV x2  
  44  4:15  Starport  
  44  4:16  Factory Reactor  
  46  4:21  Marine x3  
  46  4:22  Marine  
  50  4:25  Marine  
  50  4:27  SCV  
  50  4:30  SCV  
  53  4:35  Supply Depot  
  53  4:39  Marine  
  53  4:40  SCV  
  53  4:41  Marine  
  53  4:42  SCV, Marine  
  53  4:44  Marine  
  59  4:46  Marine  
  60  4:58  SCV x2  
  62  5:00  Medivac x2, Factory Tech Lab  
  62  5:01  Marine  
  62  5:05  Supply Depot  
  67  5:10  SCV  
  67  5:14  Marine  
  68  5:15  Marine  
  70  5:26  Marine x3  
  70  5:27  SCV x2  
  75  5:29  Refinery  
  75  5:30  Refinery, Supply Depot  
  75  5:44  Siege Tank  
  75  5:46  Command Center  
  78  5:51  SCV x2  
  78  5:53  Supply Depot x2  
  80  5:57  Combat Shields  
  80  5:58  Marine  
  80  5:59  Marine x3  
  80  6:01  Marine  
  80  6:04  SCV  
  86  6:11  Barracks  
  86  6:13  Barracks  
  86  6:15  SCV  
  87  6:26  Siege Tank, Medivac x2  
  87  6:27  Marine  
  87  6:30  Terran Infantry Armor Level 1  
  95  6:38  Marine x4  
  99  6:44  Marine  
  100  6:50  Factory  
  100  6:54  Barracks  
  100  6:55  Barracks  
  100  6:58  Orbital Command  
  100  7:04  Armory  
  100  7:05  Engineering Bay  
  100  7:14  Siege Tank, Medivac  
  105  7:15  Barracks Reactor x2  
  105  7:24  Orbital Command  
  105  7:33  SCV x2  
  107  7:40  Marine x2  
  107  7:41  Marine x3  
  112  7:45  SCV x2  
  113  7:52  Factory Tech Lab  
  113  7:55  Barracks Tech Lab x2  
  113  7:56  Marine x2  
  113  7:57  Marine x2  
  117  8:06  Supply Depot  
  117  8:07  Supply Depot  
  117  8:27  Medivac x2, Siege Tank, Marine x11  
  117  8:29  Siege Tank  
  117  8:30  Supply Depot  
  117  8:31  Supply Depot  
  138  8:45  Marine x7  
  138  8:47  Marine x4  
  149  8:51  Supply Depot  
  149  8:53  SCV x2, Supply Depot, Terran Infantry Weapons Level 2  
  149  8:54  SCV  
  152  8:57  Terran Infantry Armor Level 2  
  152  9:03  Marine  
  153  9:14  Marine  
  153  9:15  Marine x9  
  163  9:20  Marine  
  164  9:25  Siege Tank  
  164  9:26  Siege Tank, Medivac  
  172  9:32  Marine x2  
  172  9:33  Marine x4  
  178  10:12  Marine  
  178  10:13  Marine x2  
Show
View Real Time Build Order
Export as new Build Order

A.I. 2 (Very Easy) Terran 

Build Orders:  

Get SALT Encoding   

  12  0:00  SCV  
  13  0:13  SCV  
  14  0:19  Supply Depot  
  14  0:38  Refinery  
  14  0:42  Barracks  
  14  1:05  Supply Depot  
  14  1:15  Refinery  
  14  1:29  Orbital Command, Barracks Tech Lab  
  14  1:47  Marine  
  15  1:55  SCV  
  16  2:07  SCV  
  17  2:19  SCV  
  18  2:29  Marine  
  19  2:31  SCV  
  20  2:44  SCV  
  21  2:56  SCV  
  22  3:12  Marauder  
  24  6:18  Marine  
  23  6:21  Supply Depot  
  21  6:27  SCV  
  23  6:40  SCV  
  23  6:44  Factory  
  23  6:45  Supply Depot  
  23  6:47  Marine  
  22  6:52  SCV  
  24  7:02  Command Center  
  24  7:04  SCV  
  24  7:16  Marauder  
  24  7:35  Starport  
  24  7:44  Marine  
  24  8:13  Hellion, Starport Tech Lab  
  26  8:33  Raven  
  28  8:44  Marine  
  29  8:51  SCV  
  30  8:58  SCV  
  31  9:06  SCV  
  31  9:08  Refinery  
  32  9:11  Refinery  
  32  9:13  SCV  
  32  9:16  Raven  
  32  9:17  Marine  
  35  9:20  SCV  
  37  9:27  SCV  
  38  9:34  SCV  
  30  9:46  Hellion  
  30  9:49  SCV  
  30  9:51  Supply Depot  
  19  10:01  SCV  
  10  10:07  Starport  
  10  10:13  Supply Depot  
  3  10:29  Command Center  
  3  10:48  Command Center  
Tags
 
Composition
MMM Bio
League
Diamond
Matchup
TvT
Race
Terran
Add a new tag
Caveats
  • Supply blocks, unpowered buildings, or Contaminate may cause inaccurate times.
  • Supply counts are checked every 10 seconds.